 Dungeon Crawl Stone Soup version 0.31.0-11-ge490571c62 (webtiles) character file.

Game seed: 6243958751306213019

16 qw the Shooter (level 2, -1/14 HPs)
             Began as a Spriggan Hunter on Feb 4, 2024.
             Slain by a frilled lizard (3 damage)
             ... on level 1 of the Dungeon.
             The game lasted 00:00:03 (156 turns).

qw the Shooter (Spriggan Hunter)                     Turns: 156, Time: 00:00:03

Health: -1/14      AC:  2    Str:  7    XL:     2   Next: 41%
Magic:  3/3        EV: 19    Int: 10    God:
Gold:   17         SH:  0    Dex: 18    Spells: 1/1 levels left

rFire   . . .        a - +0 shortbow
rCold   . . .        (shield currently unavailable)
rNeg    . . .        c - +0 robe
rPois   .            (helmet restricted)
rElec   .            (no cloak)
rCorr   .            (gloves unavailable)
SInv    +            (boots unavailable)
Will    .....        (no amulet)
Stlth   ++           (no ring)
HPRegen 0.22/turn    (no ring)
MPRegen 0.08/turn

%: no passive effects
@: very quick
A: very small, no large weapons, unfitting armour, see invisible, speed 3
a: no special abilities


You were on level 1 of the Dungeon.
You visited 1 branch of the dungeon, and saw 1 of its levels.

You collected 17 gold pieces.


Innate Abilities, Weirdness & Mutations

You are very small and have problems with some larger weapons.
You are too small for most types of armour.
You have supernaturally acute eyesight. (SInv)
You cover ground extremely quickly. (Speed+++)


   Skills:
 - Level 1.5 Fighting
 + Level 4.1 Ranged Weapons
 - Level 4.0 Dodging
 - Level 1.5 Stealth


You had one spell level left.
You didn't know any spells.
Your spell library was empty.

Inventory:

Hand Weapons
 a - a +0 shortbow (weapon)
Armour
 c - a +0 robe (worn)
Jewellery
 e - a ring of protection from fire
 g - a ring of protection from cold
Scrolls
 b - a scroll of butterflies
 d - a scroll of brand weapon {unknown}
Potions
 f - a potion of degeneration {unknown}

Dungeon Overview and Level Annotations

Branches:
Dungeon (1/15)

Altars:


Message History

The arrow hits the endoplasm but does no damage.
You shoot an arrow.
The arrow hits the endoplasm but does no damage.
You shoot an arrow. The arrow hits the endoplasm!
You kill the endoplasm!
A hobgoblin comes into view.
You shoot an arrow. The hobgoblin shouts!
The arrow hits the gnoll.
The gnoll is lightly wounded.
You hear an angry hiss.
A frilled lizard comes into view.
A rat comes into view.
You shoot an arrow. The rat squeaks loudly.
The arrow hits the gnoll but does no damage.
The gnoll is lightly wounded.
You shoot an arrow. The arrow barely misses the gnoll.
The arrow hits the hobgoblin!
You kill the hobgoblin!
The gnoll hits you with a +0 club.
You shoot an arrow. The arrow hits the gnoll!
The gnoll is severely wounded.
The gnoll hits you with a +0 club.
A bat comes into view.
The gnoll closely misses you.
The bat moves out of view.
You shoot an arrow. The arrow barely misses the gnoll.
The gnoll completely misses you.
You shoot an arrow. The arrow barely misses the gnoll.
The frilled lizard closely misses you. The gnoll closely misses you.
You shoot an arrow. The arrow barely misses the gnoll.
The frilled lizard misses you. The gnoll misses you.
You shoot an arrow. The arrow hits the gnoll.
The gnoll is almost dead.
The frilled lizard barely misses you. The gnoll hits you with a +0 club.
You shoot an arrow.
The arrow hits the gnoll but does no damage.
The gnoll is almost dead.
The frilled lizard completely misses you.
The gnoll closely misses you. The frilled lizard bites you.
You die...

.. 77. ##.#
7777#####..###
#...).##.)..%
..........#
#.#......##
##...##....#
######...#...##@#
##..........####lg#
#...).....### .br..
..........#
........
..........#
...........
..........#
#...........
..........#
#...........
.......^..#
#...........
..)......##


You could see a gnoll, a bat, a frilled lizard and a rat.

Vanquished Creatures
  2 endoplasms (D:1)
  5 goblins (D:1)
  2 hobgoblins (D:1)
  3 ball pythons (D:1)
  A frilled lizard (D:1)
  A rat (D:1)
14 creatures vanquished.

Notes
Turn   | Place    | Note
-------+----------+-------------------------------------------
     0 | D:1      | qw the Spriggan Hunter began the quest for the Orb.
     0 | D:1      | Reached XP level 1. HP: 10/10 MP: 2/2
     0 | D:1      | 0 ||| qw: Version: 0.3-a-160-g6735b56
     0 | D:1      | 0 ||| qw: Game counter: 5704
     0 | D:1      | 0 ||| qw: Melee chars always use a shield: true
     0 | D:1      | 0 ||| qw: God list: Okawaru
     0 | D:1      | 0 ||| qw: Allow faded altars: false
     0 | D:1      | 0 ||| qw: Do Orc after clearing Dungeon:15 true
     0 | D:1      | 0 ||| qw: Do second Lair branch before Depths: true
     0 | D:1      | 0 ||| qw: Lair rune preference: random
     0 | D:1      | 0 ||| qw: Goals: Normal
     0 | D:1      | 0 ||| PLANNING D:1-11
    31 | D:1      | Reached skill level 3 in Dodging
   102 | D:1      | Reached XP level 2. HP: 14/14 MP: 3/3
   155 | D:1      | HP: 2/14 [gnoll/+0 club (4)]
   156 | D:1      | Slain by a frilled lizard

Levels and vault maps discovered:
D:1:      lemuel_arrival_river_ford, layout_rooms, serial_forest,
          infiniplex_forest_clump_diagonal, infiniplex_forest_diagonal,
          infiniplex_forest_zigzag_1, infiniplex_forest_clump_curved,
          infiniplex_forest_lined_2, infiniplex_forest_join,
          infiniplex_forest_clump_diagonal, infiniplex_forest_split,
          minmay_cut_off

Skill      XL: |  1  2 |
---------------+-------+-----
Dodging        | 3 4 |  4.0
Fighting       | |  1.5
Ranged Weapons | |  4.1
Stealth        | |  1.5

Action                     || total
---------------------------++-------
   Fire: Shortbow          ||    33
 Armour: Robe              ||     6
  Dodge: Dodged            ||    17

Table legend:
 A = Non-vault XP
 B = Vault XP
 C = Vault XP percentage of total XP
 D = Non-vault monster count
 E = Vault monster count
 F = Vault count percentage of total count
                 A         B        C        D         E       F
            +---------+---------+-------+---------+---------+-------
      Total |      18 |       6 |  25.0 |      11 |       3 |  21.4
            +---------+---------+-------+---------+---------+-------
        D:1 |      18 |       6 |  25.0 |      11 |       3 |  21.4
            +---------+---------+-------+---------+---------+-------
